 Dungeon Crawl Stone Soup version 0.31-a0-692-gf03d1854d5 (webtiles) character file.

Game seed: 1797628093532189097

362 qw the Shooter (level 6, 0/38 HPs)
             Began as a Gargoyle Hunter on Sept 6, 2023.
             Was an Initiate of Okawaru.
             Slain by Prince Ribbit (12 damage)
             ... on level 5 of the Dungeon.
             The game lasted 00:01:18 (3066 turns).

qw the Shooter (Gargoyle Hunter)                    Turns: 3066, Time: 00:01:18

Health: 0/38       AC: 10    Str: 14    XL:     6   Next: 66%
Magic:  6/6        EV: 10    Int: 10    God:    Okawaru [......]
Gold:   204        SH:  0    Dex: 15    Spells: 5/5 levels left

rFire   . . .        Y - +1 shortbow
rCold   . . .        (shield currently unavailable)
rNeg    + . .        h - +0 ring mail
rPois   inf          (no helmet)
rElec   +            c - +0 cloak
rCorr   .            (no gloves)
SInv    .            (no boots)
Will    .....        (no amulet)
Stlth   +            (no ring)
HPRegen 0.26/turn    (no ring)
MPRegen 0.10/turn

%: no passive effects
@: no status effects
A: sickness immunity, AC +4, negative energy resistance 1, electricity
resistance, torment resistance 1, petrification resistance
a: Renounce Religion


You were on level 5 of the Dungeon.
You worshipped Okawaru.
Okawaru was noncommittal.
You visited 2 branches of the dungeon, and saw 6 of its levels.

You collected 204 gold pieces.


Innate Abilities, Weirdness & Mutations

You are immune to sickness and miasma.
Your stone body is resilient. (AC +4)
You are immune to poison.
You resist negative energy. (rN+)
You are resistant to electric shocks. (rElec)
You are resistant to unholy torment.
You are immune to petrification.


   Skills:
 - Level 4.0 Fighting
 + Level 6.9 Ranged Weapons
 - Level 1.2 Armour
 - Level 1.5 Dodging
 - Level 1.1 Stealth


You had 5 spell levels left.
You didn't know any spells.
Your spell library was empty.

Inventory:

Hand Weapons
 Y - a +1 shortbow (weapon)
Armour
 c - a +0 cloak (worn)
 h - a +0 ring mail (worn)
Scrolls
 f - a scroll of identify
Potions
 a - a potion of resistance
 b - a potion of haste
 e - 2 potions of curing

Dungeon Overview and Level Annotations

Branches:
Dungeon (5/15)             Temple (1/1) D:4

Altars:
Ashenzari
Cheibriados
Elyvilon
Gozag
Hepliaklqana
Kikubaaqudgha
Makhleb
Nemelex Xobeh
Okawaru
Qazlal
Ru
Sif Muna
Trog
Vehumet
Wu Jian
Yredelemnul
The Shining One

Shops:
D:1 ?

Annotations:
D:5 Prince Ribbit


Message History

Prince Ribbit blinks!
You shoot an arrow.
The arrow hits Prince Ribbit but does no damage.
Prince Ribbit is lightly wounded.
Prince Ribbit blinks!
You shoot an arrow. The arrow closely misses Prince Ribbit.
You shoot an arrow. The arrow misses Prince Ribbit.
Prince Ribbit blinks!
Prince Ribbit is nearby!
You shoot an arrow. The arrow misses Prince Ribbit.
You shoot an arrow. The arrow closely misses Prince Ribbit.
You shoot an arrow. The arrow closely misses Prince Ribbit.
You shoot an arrow. The arrow hits Prince Ribbit.
Prince Ribbit is moderately wounded.
Prince Ribbit blinks!
You shoot an arrow. The arrow hits Prince Ribbit.
Prince Ribbit is moderately wounded.
You shoot an arrow. The arrow closely misses Prince Ribbit.
Prince Ribbit barely misses you.
You shoot an arrow. The arrow hits Prince Ribbit.
Prince Ribbit is moderately wounded.
Prince Ribbit hits you!
Prince Ribbit lets out a mournful croak.
Prince Ribbit hits you but does no damage.
You shoot an arrow. The arrow misses Prince Ribbit.
You feel your willpower return. Prince Ribbit misses you.
You shoot an arrow. The arrow hits Prince Ribbit.
Prince Ribbit is heavily wounded.
Prince Ribbit misses you. Prince Ribbit barely misses you.
You shoot an arrow. The arrow hits Prince Ribbit!
Prince Ribbit is severely wounded.
Prince Ribbit hits you but does no damage.
Prince Ribbit hits you!
You shoot an arrow. The arrow hits Prince Ribbit!
Prince Ribbit is almost dead.
Prince Ribbit hits you!
You shoot an arrow. The arrow closely misses Prince Ribbit.
Prince Ribbit hits you!
You die...

.. .. .## ########
..# .......# ..#
.....# ..###
#..###....####
#.....#......#
#.<##F@.......
7......####.....(.
7.......# .......
77......# .......
77....## ....!..
77### .......
...#.## ####.#


You could see Prince Ribbit.

Vanquished Creatures
  A scorpion (D:2)
  3 hounds (D:4)
  An orc wizard (D:4)
  A statue (D:3)
  7 gnolls (D:4)
  3 adders
  3 worms
  2 dart slugs
  6 orcs (D:4)
  6 ball pythons
  4 bats
  3 endoplasms
  5 giant cockroaches
  5 goblins
  4 hobgoblins
  4 kobolds
  A quokka (D:2)
  3 frilled lizards
  6 rats
68 creatures vanquished.

Notes
Turn   | Place    | Note
-------+----------+-------------------------------------------
     0 | D:1      | qw the Gargoyle Hunter began the quest for the Orb.
     0 | D:1      | Reached XP level 1. HP: 12/12 MP: 1/1
     0 | D:1      | 0 ||| qw: Version: 0.3-a-76-g4403597
     0 | D:1      | 0 ||| qw: Game counter: 294
     0 | D:1      | 0 ||| qw: Melee chars always use a shield: true
     0 | D:1      | 0 ||| qw: God list: Okawaru
     0 | D:1      | 0 ||| qw: Allow faded altars: false
     0 | D:1      | 0 ||| qw: Do Orc after clearing Dungeon:15 true
     0 | D:1      | 0 ||| qw: Do second Lair branch before Depths: true
     0 | D:1      | 0 ||| qw: Lair rune preference: random
     0 | D:1      | 0 ||| qw: Goals: Normal
     0 | D:1      | 0 ||| PLANNING D:1-11
   130 | D:1      | Reached XP level 2. HP: 17/17 MP: 2/2
   131 | D:1      | Found Kuiduse's Magic Scroll Emporium.
   139 | D:1      | 139 ||| SHOPLISTING scroll of brand weapon (104 gold, have
                  | 37).
   139 | D:1      | 139 ||| SHOPLISTING scroll of enchant armour (82 gold, have
                  | 37).
   555 | D:1      | 555 ||| UPGRADING to +0 ring mail.
   565 | D:1      | 565 ||| DROPPING +0 leather armour.
   566 | D:1      | 566 ||| READING scroll labelled ABOWNOSTENUL.
   567 | D:1      | 567 ||| READING 2 scrolls labelled ZOMOEF QUEN.
   568 | D:1      | 568 ||| READING scroll labelled JIECHANWISU.
   669 | D:1      | 669 ||| READING scroll labelled RYOSMU DEELOGG.
   670 | D:1      | 670 ||| DROPPING scroll of butterflies.
   685 | D:2      | 685 ||| STAIRDANCE
   697 | D:2      | 697 ||| STAIRDANCE
   742 | D:2      | 742 ||| STAIRDANCE
   762 | D:2      | Reached skill level 1 in Armour
   762 | D:2      | 762 ||| STAIRDANCE
  1056 | D:2      | Noticed a scorpion
  1065 | D:2      | HP: 4/17 [scorpion (6)]
  1066 | D:2      | Killed a scorpion
  1067 | D:2      | Reached skill level 5 in Ranged Weapons
  1067 | D:2      | Reached XP level 3. HP: 5/21 MP: 3/3
  1067 | D:2      | Reached XP level 4. HP: 7/26 MP: 4/4
  1365 | D:2      | 1365 ||| Stepping ~*~*~tactically~*~*~ (water).
  1445 | D:2      | Reached skill level 3 in Fighting
  1573 | D:2      | 1573 ||| DROPPING +6 ring of intelligence.
  1574 | D:2      | 1574 ||| READING scroll labelled FOEG FIACK.
  1575 | D:2      | 1575 ||| READING scroll labelled TIOSOMADUR.
  1576 | D:2      | 1576 ||| READING scroll labelled PAQUST OREGH.
  1577 | D:2      | 1577 ||| READING 5 scrolls of identify.
  1577 | D:2      | 1577 ||| IDENTIFYING glowing amethyst potion
  1578 | D:2      | 1578 ||| READING 4 scrolls of identify.
  1578 | D:2      | 1578 ||| IDENTIFYING dark potion
  1626 | D:3      | Reached XP level 5. HP: 26/32 MP: 5/5
  1776 | D:3      | Found a broken altar of Ashenzari.
  1784 | D:3      | 1784 ||| READING 3 scrolls of identify.
  1784 | D:3      | 1784 ||| IDENTIFYING green potion
  2119 | D:3      | Found a radiant altar of Vehumet.
  2119 | D:3      | Noticed a charred statue
  2121 | D:3      | 2121 ||| FLEEEEING.
  2170 | D:3      | Killed a charred statue
  2199 | D:3      | Reached skill level 6 in Ranged Weapons
  2308 | D:3      | 2308 ||| READING scroll labelled SYQUIS TYRA.
  2309 | D:3      | 2309 ||| READING scroll labelled DISAFAUTZI.
  2310 | D:3      | 2310 ||| READING scroll labelled QAIVEPONOT.
  2311 | D:3      | 2311 ||| READING 2 scrolls of identify.
  2311 | D:3      | 2311 ||| IDENTIFYING amethyst potion
  2374 | D:4      | Found a sacrificial altar of Ru.
  2401 | D:4      | HP: 8/33 [hound (5)]
  2402 | D:4      | 2402 ||| DRINKING potion of heal wounds.
  2413 | D:4      | Reached XP level 6. HP: 28/38 MP: 6/6
  2484 | D:4      | 2484 ||| DRINKING 2 potions of curing.
  2484 | D:4      | 2484 ||| (to cure confusion)
  2796 | D:4      | Found a staircase to the Ecumenical Temple.
  2797 | D:4      | 2797 ||| PLANNING TEMPLE
  2797 | D:4      | 2797 ||| UPGRADING to +0 cloak.
  2810 | Temple   | Entered the Ecumenical Temple
  2811 | Temple   | 2811 ||| PLANNING OKAWARU WORSHIP
  2818 | Temple   | Became a worshipper of Warmaster Okawaru
  2819 | Temple   | 2819 ||| PLANNING D:1-11
  3029 | D:4      | 3029 ||| READING 3 scrolls labelled ZAARGH OL REL.
  3030 | D:4      | 3030 ||| DROPPING 2 scrolls of vulnerability.
  3042 | D:5      | Entered Level 5 of the Dungeon
  3044 | D:5      | Noticed Prince Ribbit
  3066 | D:5      | Slain by Prince Ribbit

Levels and vault maps discovered:
D:1:      matt_arrival_diagonals, layout_basic, serial_shops, shop
D:2:      layout_basic, serial_bayou, serial_bayou_pond_b, serial_bayou_shore_b,
          serial_bayou_pond_d, serial_bayou_ford_a, corexii_corridor_pit,
          st_stairs_12
D:3:      layout_loops_ring, vehumet_statue, nicolae_ashenzari_skybound
D:4:      layout_loops_cross, nicolae_overflow_crystal_walls,
          minmay_temple_entry_glassed_door
D:5:      layout_rooms, uniq_crazy_yiuf_cottage, uniq_prince_ribbit1
Temple:   eino_narrow_crystal_temple

Skill      XL: |  1  2  3  4  5 |
---------------+----------------+-----
Armour         | 1 |  1.2
Ranged Weapons | 5 6 |  6.9
Fighting       | 3 4 |  4.0
Dodging        | |  1.5
Stealth        | |  1.1

Action                     |  1- 3 |  4- 6 || total
---------------------------+-------+-------++-------
   Fire: Shortbow          |    67 |   210 ||   277
    Use: Scroll            |     4 |    11 ||    15
         Potion            |       |     2 ||     2
 Armour: Leather armour    |     2 |       ||     2
         Ring mail         |    33 |    75 ||   108
  Dodge: Dodged            |    32 |    41 ||    73

Table legend:
 A = Non-vault XP
 B = Vault XP
 C = Vault XP percentage of total XP
 D = Non-vault monster count
 E = Vault monster count
 F = Vault count percentage of total count
                 A         B        C        D         E       F
            +---------+---------+-------+---------+---------+-------
      Total |     464 |      54 |  10.4 |      62 |       6 |   8.8
            +---------+---------+-------+---------+---------+-------
        D:1 |      24 |       0 |   0.0 |      13 |       0 |   0.0
        D:2 |     112 |      22 |  16.4 |      11 |       5 |  31.2
        D:3 |      33 |      32 |  49.2 |      13 |       1 |   7.1
        D:4 |     295 |       0 |   0.0 |      25 |       0 |   0.0
            +---------+---------+-------+---------+---------+-------
